 Dungeon Crawl Stone Soup version 0.31-a0-981-geadf994542 (webtiles) character file.

Game seed: 1870383066500275575

2 night the Vexing (level 1, -1/16 HPs)
             Began as a Draconian Hexslinger on Oct 31, 2023.
             Slain by a gnoll
             ... wielding a +0 flail
              (8 damage)
             ... on level 1 of the Dungeon.
             The game lasted 00:00:21 (37 turns).

night the Vexing (Draconian Hexslinger)               Turns: 37, Time: 00:00:22

Health: -1/16      AC:  4    Str: 10    XL:     1   Next: 33%
Magic:  2/2        EV: 12    Int: 13    God:
Gold:   0          SH:  0    Dex: 13    Spells: 2/2 levels left

rFire   . . .        a - +1 sling
rCold   . . .        (no shield)
rNeg    . . .        (body armour unavailable)
rPois   .            (helmet restricted)
rElec   .            (no cloak)
rCorr   .            (no gloves)
SInv    .            (no boots)
Will    .....        (no amulet)
Stlth   +            (no ring)
HPRegen 0.22/turn    (no ring)
MPRegen 0.08/turn

%: no passive effects
@: no status effects
A: AC +4, unfitting armour, cold-blooded
a: no special abilities


You were on level 1 of the Dungeon.
You visited 1 branch of the dungeon, and saw 1 of its levels.

Inventory:

Hand Weapons
 a - a +1 sling (weapon)
Scrolls
 b - a scroll of poison


   Skills:
 - Level 1.1 Fighting
 * Level 1.9 Ranged Weapons
 - Level 1.7 Dodging
 + Level 1.0 Spellcasting
 + Level 2.7 Hexes
 - Level 1.0 Fire Magic


You had 2 spell levels left.
You didn't know any spells.
Your spell library contained the following spells:

 Spells                   Type           Power      Damage    Failure   Level
 Jinxbite                 Hex            14%        N/A       14%         2
 Sigil of Binding         Hex            7%         N/A       26%         3
 Inner Flame              Hex/Fire       5%         N/A       36%         3
 Cause Fear               Hex            3%         N/A       65%         4
 Dimensional Bullseye     Hex/Tloc       2%         N/A       85%         4


Dungeon Overview and Level Annotations

Branches:
Dungeon (1/15)

Altars:


Innate Abilities, Weirdness & Mutations

Your plain brown scales are hard. (AC +4)
You cannot fit into any form of body armour.
You are cold-blooded and may be slowed by cold attacks.


Message History

You kill the ball python!
HP restored.
Found a stone staircase leading down.
You open the door.
A gnoll comes into view. It is wielding a +0 flail.
The gnoll shouts!
There is an open door here.
You shoot a sling bullet. The sling bullet hits the gnoll.
The gnoll is lightly wounded.
You don't know any spells.
You shoot a sling bullet. The sling bullet hits the gnoll.
The gnoll is moderately wounded.
You shoot a sling bullet.
The sling bullet completely misses the gnoll.
You shoot a sling bullet. The sling bullet hits the gnoll.
The gnoll is moderately wounded.
The gnoll hits you with a +0 flail!
Ouch! That really hurt!
You are too injured to fight recklessly!
Fire: a) +1 sling
Press: ? - help, Q - select action Shift-Dir - straight line, f/p - gnoll
Aim: a gnoll, wielding a +0 flail (moderately wounded, 58% to hit)
You shoot a sling bullet.
The sling bullet barely misses the gnoll.
The gnoll closely misses you.
Fire: a) +1 sling
Press: ? - help, Q - select action Shift-Dir - straight line, f/p - gnoll
Aim: a gnoll, wielding a +0 flail (moderately wounded, 58% to hit)
You shoot a sling bullet.
The sling bullet hits the gnoll but does no damage.
The gnoll is moderately wounded.
The gnoll misses you.
Fire: a) +1 sling
Press: ? - help, Q - select action Shift-Dir - straight line, f/p - gnoll
Aim: a gnoll, wielding a +0 flail (moderately wounded, 58% to hit)
You shoot a sling bullet. The sling bullet hits the gnoll!
The gnoll is almost dead.
The gnoll closely misses you. The gnoll hits you with a +0 flail!
Ouch! That really hurt!
You die...

###. .... ...#.#
##.#.# >......
.#...#
#.#.#..#.#...##.
...............
# #.............
#.#....g#....#
#.......@....#
........#....##
......†.........
###.###.##.##.##
#####....# # ##
###...##.##
...###.....# .#
#........## #
#.........#


You could see a gnoll.

Vanquished Creatures
  2 ball pythons (D:1)
2 creatures vanquished.

Notes
Turn   | Place    | Note
-------+----------+-------------------------------------------
     0 | D:1      | night the Draconian Hexslinger began the quest for the Orb.
     0 | D:1      | Reached XP level 1. HP: 16/16 MP: 2/2
    37 | D:1      | Slain by a gnoll

Illustrated notes

Levels and vault maps discovered:
D:1:      spicycebolla_green_bress_n_ham, layout_basic, serial_shops,
          nicolae_shop_back_alley_shop

Action                     || total
---------------------------++-------
   Fire: Sling             ||    13
 Armour: Skin              ||     5
  Dodge: Dodged            ||     5

Table legend: (Time is in decaauts)
 A = Elapsed time spent in this place.
 B = Non-inter-level travel time spent in this place.
 C = Inter-level travel time spent in this place.
 D = Time resting spent in this place.
 E = Time spent auto-exploring this place.
 F = Levels seen in this place.
 G = Mean time per level.
                   A        B        C        D        E       F      G
               +--------+--------+--------+--------+--------+-----+--------+
         Total |     40 |     40 |      0 |      0 |     21 |   1 |   40.0 |
       Dungeon |     40 |     40 |      0 |      0 |     21 |   1 |   40.0 |
               +--------+--------+--------+--------+--------+-----+--------+

Top non-repeatable levels by time:
     D:1: 40 daAuts
